 Dungeon Crawl Stone Soup version 0.28.0-45-g0d030f2227 (webtiles) character file.

Game seed: 6922175840552942624

18 Bamboolord the Chucker (level 2, -5/28 HPs)
             Began as a Troll Hunter on Apr 6, 2022.
             Slain by Sigmund
             ... wielding a +0 scythe
              (12 damage)
             ... on level 2 of the Dungeon.
             The game lasted 00:03:29 (1176 turns).

Bamboolord the Chucker (Troll Hunter)               Turns: 1176, Time: 00:03:29

Health: -5/28      AC:  4    Str: 19    XL:     2   Next: 48%
Magic:  1/1        EV:  9    Int:  7    God:
Gold:   30         SH:  0    Dex: 10    Spells: 1/1 levels left

rFire   . . .      SeeInvis .   k - +0 whip
rCold   . . .      Faith    .   (no shield)
rNeg    . . .      Spirit   .   b - +0 robe
rPois   .          Reflect  .   (helmet restricted)
rElec   .          Harm     .   (no cloak)
rCorr   .          Rampage  .   (gloves unavailable)
Will    .....                   (boots unavailable)
Stlth   +.........              (no amulet)
HPRegen 0.89/turn               (no ring)
MPRegen 0.07/turn               (no ring)

@: confused
A: large, unfitting armour, claws 3, regeneration 1, shaggy fur 1, tough skin 1
a: no special abilities


You were on level 2 of the Dungeon.
You visited 1 branch of the dungeon, and saw 2 of its levels.

You collected 30 gold pieces.

Inventory:

Hand Weapons
 k - a +0 whip (weapon)
Missiles
 c - 2 large rocks (quivered)
 d - 2 throwing nets
 g - 19 stones
Armour
 b - a +0 robe (worn)
Jewellery
 n - a ring of wizardry
Scrolls
 e - 2 scrolls of summoning
 f - 2 scrolls of teleportation {unknown}
 h - a scroll of blinking {unknown}
 i - a scroll of torment {unknown}
 j - 2 scrolls of vulnerability {unknown}
Potions
 a - a potion of magic {unknown}
 l - a potion of cancellation {unknown}
 m - a potion of mutation {unknown}


   Skills:
 * Level 1.7 Fighting
 + Level 0.2 Maces & Flails
 * Level 3.9 Throwing
 * Level 0.5 Armour
 * Level 1.7 Dodging
 - Level 0.3 Stealth


You had one spell level left.
You didn't know any spells.
Your spell library was empty.

Dungeon Overview and Level Annotations

Branches:
Dungeon (2/15)

Altars:

Shops:
D:1 (

Annotations:
D:2 Sigmund


Innate Abilities, Weirdness & Mutations

You are too large for most types of armour.
You have claws for hands.
Your natural rate of healing is unusually fast.
You are covered in fur. (AC +1)
You have tough skin. (AC +1)


Message History

There is a stone staircase leading up here.
Sigmund the Dreaded comes into view.
He is wielding a +0 scythe.
Sigmund is nearby!
A quokka comes into view.
Sigmund shouts!
Throw: 5 large rocks
Press: ? - help, Q - select action, (/) - cycle Shift-Dir - straight line, f - Sigmund
Aim: Sigmund, wielding a +0 scythe and wearing a +0 robe (52% to hit)
You throw a large rock. The large rock hits Sigmund!!
Sigmund is almost dead.
Sigmund points at you and mumbles some strange words.
The magic dart hits you!
Throw: 4 large rocks
Press: ? - help, Q - select action, (/) - cycle Shift-Dir - straight line, f/p - Sigmund
Aim: Sigmund, wielding a +0 scythe and wearing a +0 robe (almost dead, 52% to hit)
You throw a large rock.
The large rock hits Sigmund but does no damage.
Sigmund is almost dead.
Throw: 3 large rocks
Press: ? - help, Q - select action, (/) - cycle Shift-Dir - straight line, f/p - Sigmund
Aim: Sigmund, wielding a +0 scythe and wearing a +0 robe (almost dead, 52% to hit)
You throw a large rock. The large rock barely misses Sigmund.
Sigmund gestures at you while chanting.
You are confused.
The quokka barely misses you.
Non-targeted confused throw: 2 large rocks
Press: ? - help, Q - select action, (/) - cycle Dir - look around, f - activate
Okay, then.
The quokka barely misses you.
Sigmund casts a spell.
Sigmund flickers and vanishes!
Deactivating autopickup; reactivate with Ctrl-A.
The quokka bites you.
You closely miss the quokka. The quokka closely misses you.
A magic dart appears from out of thin air!
The magic dart hits you! The quokka bites you. Something hits you.
* * * LOW HITPOINT WARNING * * *
The quokka barely misses you. Something hits you!
You die...

(........###
..............#.###
..................
...(....... .....#
..........# #..#.## #
..........# #.....#.#
.......{..###........
#.......@.##......#
#......r........#
#....######...###
..... ##.#### ....
#..<.# ##.
####.######.# #
#......... #.######.#
#.#


You could see a quokka.

Vanquished Creatures
  4 endoplasms (D:1)
  A goblin (D:1)
  A hobgoblin (D:1)
  A quokka (D:1)
  A ball python (D:1)
  5 bats (D:1)
  A kobold (D:1)
  2 rats (D:1)
16 creatures vanquished.

Vanquished Creatures (collateral kills)
  A ball python (D:1)
  A frilled lizard (D:1)
2 creatures vanquished.

Grand Total: 18 creatures vanquished

Notes
Turn   | Place    | Note
-------+----------+-------------------------------------------
     0 | D:1      | Bamboolord the Troll Hunter began the quest for the Orb.
     0 | D:1      | Reached XP level 1. HP: 19/19 MP: 0/0
   245 | D:1      | Found Tulafunn's Antique Weapon Shop.
   427 | D:1      | Reached XP level 2. HP: 28/28 MP: 1/1
   883 | D:1      | Found a faded altar of an unknown god.
  1167 | D:2      | Noticed Sigmund
  1176 | D:2      | Slain by Sigmund

Illustrated notes

Levels and vault maps discovered:
D:1:      dpeg_arrival_erosion, layout_basic,
          ebering_ecumenical_altar_petrified, serial_shops, shop
D:2:      kennysheep_the_goblin_king, layout_loops_ring, uniq_sigmund

Action                   || total
-------------------------++-------
Melee: Short sword       ||    10
       Whip              ||    53
       Punch             ||     1
Throw: Large rock        ||    10
  Use: Scroll            ||     1
Armor: Robe              ||    36
Dodge: Dodged            ||    46
